 Dungeon Crawl Stone Soup version 0.28-a0-1616-g050a50673c (webtiles) character file.

Game seed: 17148438836898983677

107 issech the Ducker (level 4, 0/44 HPs)
             Began as a Troll Fighter on Jan 22, 2022.
             Slain by an iguana (15 damage)
             ... on level 4 of the Dungeon.
             The game lasted 00:08:23 (2880 turns).

issech the Ducker (Troll Fighter)                   Turns: 2880, Time: 00:08:24

Health: 0/44       AC: 10    Str: 24    XL:     4   Next: 56%
Magic:  3/3        EV:  9    Int:  4    God:
Gold:   201        SH:  8    Dex: 11    Spells: 3/3 levels left

rFire   . . .      SeeInvis .   a - +0 flail (chaos)
rCold   + . .      Faith    .   c - +1 kite shield
rNeg    . . .      Spirit   .   g - +2 robe {rF+}
rPois   .          Reflect  .   (helmet restricted)
rElec   .          Harm     .   (no cloak)
rCorr   .          Rampage  .   (gloves unavailable)
Will    .....                   (boots unavailable)
Stlth   +.........              (no amulet)
HPRegen 0.94/turn               b - +4 ring of protection
MPRegen 0.08/turn               i - ring of ice

@: no status effects
A: large, unfitting armour, claws 3, regeneration 1, shaggy fur 1, tough skin 1
a: no special abilities


You were on level 4 of the Dungeon.
You visited 1 branch of the dungeon, and saw 4 of its levels.

You collected 201 gold pieces.

Inventory:

Hand Weapons
 a - a +0 flail of chaos (weapon)
 j - a +0 hunting sling
Missiles
 f - 15 bolts
 h - 47 sling bullets
 k - 5 poisoned darts
 m - 108 stones (quivered)
 r - 21 arrows
Armour
 c - a +1 kite shield (worn)
 g - a +2 robe of fire resistance (worn)
Jewellery
 b - a +4 ring of protection (left claw)
 i - a ring of ice (right claw)
Scrolls
 e - a scroll of identify
 l - a scroll of amnesia
 q - a scroll of noise
Potions
 d - 2 potions of might
 n - a potion of berserk rage {unknown}
 o - 2 potions of flight
 p - a potion of attraction {unknown}


   Skills:
 + Level 2.8 Fighting
 + Level 3.0 Maces & Flails
 + Level 3.0 Dodging
 + Level 0.1 Stealth
 + Level 2.9 Shields


You had 3 spell levels left.
You didn't know any spells.
Your spell library contained the following spells:

 Spells                   Type           Power      Damage    Failure   Level
 Beastly Appendage        Tmut           0%         N/A       80%         1
 Wereblood                Tmut           0%         N/A       91%         2
 Conjure Flame            Conj/Fire      0%         6-21      99%         3
 Ignite Poison            Fire/Tmut/Pois 0%         N/A       99%         3
 Spider Form              Tmut/Pois      0%         N/A       99%         3
 Sticky Flame             Conj/Fire      0%         2d3       100%        4


Dungeon Overview and Level Annotations

Branches:
Dungeon (4/15)
 Temple: D:4-7

Altars:
Uskayaw
The Shining One

Shops:
D:2 (   D:3 ?[***


Innate Abilities, Weirdness & Mutations

You are too large for most types of armour.
You have claws for hands.
Your natural rate of healing is unusually fast.
You are covered in fur. (AC +1)
You have tough skin. (AC +1)


Message History

Found a leather armour.
You see here a +0 leather armour.
Found a stone staircase leading down.
You open the door.
Found 14 gold pieces.
There is an open door here.
Found 19 stones.
You now have 201 gold pieces (gained 14).
A ball python comes into view.
Found a hide-covered altar of Uskayaw.
The ball python closely misses you.
The ball python bites you but does no damage.
You sock the ball python! You burn the ball python.
You kill the ball python!
You see here a ball python corpse.
m - 108 stones (gained 19)
An iguana comes into view.
The iguana completely misses you.
You closely miss the iguana.
The iguana bites you but does no damage.
You barely miss the iguana. The iguana bites you. x2
You hit the iguana.
The iguana seems to grow stronger.
The iguana is moderately wounded.
The iguana misses you.
You hit the iguana. You burn the iguana.
The iguana is heavily wounded.
The iguana bites you!
The iguana bites you but does no damage.
You sock the iguana!
The iguana flickers and vanishes!
Deactivating autopickup; reactivate with Ctrl-A.
Something bites you!
You barely miss something. Something bites you.
You closely miss something. Something bites you!
* * * LOW HITPOINT WARNING * * *
Something bites you.
* * * LOW HITPOINT WARNING * * *
You miss something. Something bites you.
* * * LOW HITPOINT WARNING * * *
Something bites you!
You die...

#.>.........#
..........#....
....##...## ## ...
##.## .. #.# # #.#
##'## ## ##...## .#
##..@..##
#+####.###.......##
####......##.........#
...........+.........+
#####...####.........#
#.........####..##
###....8.......#.##
#....8...8†..#.###
#.#............#


There were no monsters in sight!

Vanquished Creatures
  4 adders
  2 dart slugs
  7 bats
  8 endoplasms
  3 giant cockroaches
  8 goblins
  4 hobgoblins
  2 jackals (D:3)
  5 quokkas
  9 ball pythons
  A frilled lizard (D:1)
  3 kobolds (D:3)
  7 rats
63 creatures vanquished.

Notes
Turn   | Place    | Note
-------+----------+-------------------------------------------
     0 | D:1      | issech the Troll Fighter began the quest for the Orb.
     0 | D:1      | Reached XP level 1. HP: 22/22 MP: 0/0
   105 | D:1      | Reached XP level 2. HP: 29/29 MP: 1/1
   673 | D:1      | Reached XP level 3. HP: 36/36 MP: 2/2
  1486 | D:2      | Found Ewoer's Weapon Emporium.
  1553 | D:2      | Reached XP level 4. HP: 43/44 MP: 3/3
  1783 | D:3      | Found Baisumots's Magic Scroll Shoppe.
  1867 | D:3      | Found Fuug's Antique Armour Emporium.
  1893 | D:3      | Found Cahet's General Store.
  2022 | D:3      | Found a glowing golden altar of the Shining One.
  2311 | D:3      | Found Waitul's Assorted Antiques.
  2394 | D:3      | Found Ehoiwapso's Assorted Antiques.
  2835 | D:4      | Found a hide-covered altar of Uskayaw.
  2880 | D:4      | Slain by an iguana

Illustrated notes

Levels and vault maps discovered:
D:1:      lightli_arrival_noodles, layout_basic
D:2:      layout_loops_ring, serial_shops, nicolae_shop_hallway_plus,
          minmay_misc_feat_more_columns, grunt_ministairs_10
D:3:      layout_basic, amcnicky_altar_gilded, serial_shops,
          nicolae_shop_behind_doors, nicolae_shop_stone, shop_statue,
          nicolae_shop_trees, shop
D:4:      kennysheep_the_goblin_king, layout_loops_corners,
          mainiacjoe_overflow_six_doors_small, nicolae_uskayaw_dance_hall

Skill      XL: |  1  2  3  4 |
---------------+-------------+-----
Maces & Flails | 2 3 |  3.0
Dodging        | 3 |  3.0
Fighting       | |  2.8
Stealth        | |  0.1
Shields        | |  2.9

Action                   |  1- 3 |  4- 6 || total
-------------------------+-------+-------++-------
Melee: Flail             |   123 |    59 ||   182
  Use: Scroll            |       |     7 ||     7
Armor: Robe              |    59 |    36 ||    95
Dodge: Dodged            |    49 |    23 ||    72
Block: Kite shield       |    60 |    21 ||    81

Table legend: (Time is in decaauts)
 A = Elapsed time spent in this place.
 B = Non-inter-level travel time spent in this place.
 C = Inter-level travel time spent in this place.
 D = Time resting spent in this place.
 E = Time spent auto-exploring this place.
 F = Levels seen in this place.
 G = Mean time per level.
                   A        B        C        D        E       F      G
               +--------+--------+--------+--------+--------+-----+--------+
         Total |   2951 |   2832 |    119 |      0 |   1769 |   4 |  737.8 |
       Dungeon |   2951 |   2832 |    119 |      0 |   1769 |   4 |  737.8 |
               +--------+--------+--------+--------+--------+-----+--------+

Top non-repeatable levels by time:
     D:1: 1053 daAuts
     D:3: 966 daAuts
     D:2: 761 daAuts
     D:4: 171 daAuts
